AoeStats
← Rafaelbdoo

Arabia

506776584Analyzed
1v1 RM · 19d ago on Sep 15, 2026· 55m 25s· 2 players
Game mode
Random Map
Map size
Tiny (2 player)
Population
200
Speed
Normal
Resources
Standard
Victory
Conquest
Starting age
Dark Age
Ending age
Imperial Age
RankedLock teamsTeams togetherTeam positionsShared explorationLock speedFull tech treeHidden civsTurbo modeCheats
Victory
Defeat
🇨🇱 Romans · Chile
590
+15
🇧🇷 Byzantines · Brazil
565
-15
Rafaelbdoo
8:17 Loom
12:59 Loom
14:53 Feudal Age
15:45 Double-Bit Axe
15:42 Horse Collar
22:21 Gold Mining
30:51 Wheelbarrow
33:56 Castle Age
32:37 Fletching
32:49 Padded Archer Armor
34:42 Pikeman
36:17 Crossbowman
41:23 Imperial Age
44:29 Arbalester
45:57 Bow Saw
46:03 Bodkin Arrow
47:50 Thumb Ring
48:34 Elite Cataphract
51:34 Hand Cart
Jezm
4:00 Loom
11:07 Feudal Age
11:15 Man-at-Arms
14:44 Man-at-Arms
16:34 Forging
17:08 Wheelbarrow
17:31 Town Watch
20:25 Castle Age
19:15 Scale Mail Armor
19:43 Double-Bit Axe
20:14 Horse Collar
23:22 Heavy Plow
23:16 Gold Mining
23:19 Stone Mining
23:35 Squires
24:34 Bow Saw
26:27 Gold Shaft Mining
27:08 Long Swordsman
27:24 Long Swordsman
30:55 Elite Skirmisher
33:19 Town Patrol
33:37 Hand Cart
46:55 Murder Holes
47:22 Ballistics
47:51 Chain Mail Armor
48:12 Iron Casting
47:27 Fletching
47:38 Padded Archer Armor
54:57 Imperial Age
55:14 Legionary
Connection lost

Rejoining the realm…

Still unreachable

The connection could not be restored.

Session expired

The server has moved on; the page needs a fresh start.